 Dungeon Crawl Stone Soup version 0.29.0-15-g675c0067aa (webtiles) character file.

Game seed: 7967008644574625892

121 RascalDebosk the Chopper (level 4, 0/41 HPs)
             Began as a Minotaur Berserker on Sept 11, 2022.
             Was a Believer of Trog.
             Killed from afar by Sigmund (2 damage)
             ... with a magic dart
             ... on level 3 of the Dungeon.
             The game lasted 00:06:52 (1720 turns).

RascalDebosk the Chopper (Minotaur Berserker)       Turns: 1720, Time: 00:06:52

Health: 0/41       AC: 10    Str: 21    XL:     4   Next: 77%
Magic:  3/3        EV:  8    Int:  6    God:    Trog [**....]
Gold:   108        SH:  0    Dex: 10    Spells: 3/3 levels left

rFire   . . .      SeeInvis .   a - +0 hand axe
rCold   . . .      Faith    .   (no shield)
rNeg    . . .      Spirit   .   d - +0 chain mail
rPois   .          Reflect  .   (helmet restricted)
rElec   .          Harm     .   (no cloak)
rCorr   .          Rampage  .   j - +0 pair of gloves
Will    .....                   (no boots)
Stlth   ..........              (no amulet)
HPRegen 0.13/turn               (no ring)
MPRegen 0.08/turn               (no ring)

@: no status effects
A: horns 2, retaliatory headbutt
a: Renounce Religion, Berserk, Trog's Hand


You were on level 3 of the Dungeon.
You worshipped Trog.
Trog was pleased with you.
You visited 1 branch of the dungeon, and saw 3 of its levels.

You collected 108 gold pieces.

Inventory:

Hand Weapons
 a - a +0 hand axe (weapon)
Missiles
 h - 2 poisoned darts (quivered)
Armour
 d - a +0 chain mail (worn)
 j - a +0 pair of gloves (worn)
Scrolls
 f - a scroll of identify {unknown}
 g - a scroll of noise {unknown}
Potions
 b - a potion of degeneration {unknown}
 c - a potion of haste {unknown}
 e - a potion of attraction {unknown}
 i - a potion of lignification {unknown}


   Skills:
 + Level 4.4 Fighting
 + Level 4.4 Axes
 + Level 1.7 Throwing
 + Level 3.4 Armour
 - Level 2.1 Dodging
 + Level 1.5 Evocations


You had 3 spell levels left.
You didn't know any spells.
Your spell library was empty.

Dungeon Overview and Level Annotations

Branches:
Dungeon (3/15)

Altars:

Annotations:
D:3 Sigmund


Innate Abilities, Weirdness & Mutations

You have a pair of horns on your head.
You reflexively headbutt those who attack you in melee.


Message History

You hit the gnoll. Your headbutt misses the gnoll.
The gnoll is moderately wounded.
You feel sick. The gnoll hits you with a +0 club.
Something hits you but does no damage. The gnoll barely misses you.
You barely miss the gnoll.
The gnoll is moderately wounded.
You feel sick. Something hits you but does no damage.
The gnoll hits you but does no damage.
You slash the gnoll!
You kill the gnoll!
Trog accepts your kill.
You feel sick.
You are no longer poisoned.
Something hits you but does no damage.
You start resting.
Something hits you.
* * * LOW HITPOINT WARNING * * *
You start resting.
Something hits you but does no damage.
You start resting.
Something hits you but does no damage.
You start resting.
Something hits you but does no damage.
Things that are here:
a +0 club; a +0 club Something hits you but does no damage.
Things that are here:
a +0 club; a +0 club; an adder corpse Something hits you.
* * * LOW HITPOINT WARNING * * *
Something hits you.
* * * LOW HITPOINT WARNING * * *
Something hits you but does no damage.
Things that are here:
a +0 club; a +0 club Something hits you!
* * * LOW HITPOINT WARNING * * *
You hear some strange, mumbled words.
Something tries to affect you, but you resist.
A magic dart appears from out of thin air!
The magic dart hits you.
You die...

# #########
###.#)..{..@#
#....)#####.#
#.....#<....#
#.......#######
#........
#.....###
#....# #....
####.


There were no monsters in sight!

Vanquished Creatures
  4 adders
  4 gnolls (D:3)
  A dart slug (D:2)
  An orc (D:2)
  2 ball pythons (D:1)
  7 bats
  4 endoplasms
  2 goblins (D:1)
  3 hobgoblins
  2 jackals (D:1)
  5 kobolds (D:1)
  A quokka (D:1)
  3 frilled lizards
  6 rats
45 creatures vanquished.

Notes
Turn   | Place    | Note
-------+----------+-------------------------------------------
     0 | D:1      | RascalDebosk the Minotaur Berserker began the quest for the
                  | Orb.
     0 | D:1      | Reached XP level 1. HP: 19/19 MP: 0/0
   107 | D:1      | Reached XP level 2. HP: 26/27 MP: 1/1
   651 | D:1      | Reached skill level 1 in Throwing
   653 | D:1      | Reached ** piety under Trog
   654 | D:1      | Reached XP level 3. HP: 32/33 MP: 2/2
   871 | D:2      | Reached skill level 1 in Evocations
  1388 | D:2      | Reached XP level 4. HP: 40/40 MP: 3/3
  1685 | D:3      | Noticed Sigmund
  1715 | D:3      | HP: 1/41 [something (7)]
  1720 | D:3      | Killed from afar by Sigmund

Illustrated notes

Levels and vault maps discovered:
D:1:      saegor_arrival_simple_a, layout_loops_ring, minmay_misc_feat_columns,
          minmay_misc_feat_tiny, amcnicky_mini_rare_corridor_liquid,
          nrook_campfire, nrook_uturn, minmay_indecisive_spiral
D:2:      layout_basic
D:3:      layout_basic, gammafunk_temple_overflow_wave, uniq_sigmund, uniq_ijyb

Skill      XL: |  1  2  3 |
---------------+----------+-----
Axes           | 4 |  4.4
Throwing       | 1 |  1.7
Fighting       | 4 |  4.4
Armour         | 3 |  3.4
Evocations     | 1 |  1.5
Dodging        | |  2.1

Action                   |  1- 3 |  4- 6 || total
-------------------------+-------+-------++-------
Melee: Hand axe          |    78 |    21 ||    99
       Punch             |     2 |       ||     2
       Headbutt          |     5 |     1 ||     6
 Stab: Sleeping          |     1 |       ||     1
Armor: Animal skin       |     3 |       ||     3
       Chain mail        |    31 |    27 ||    58
Dodge: Dodged            |    39 |    16 ||    55
